[Event "Stay Safe Play From Home 365"]
[Site "Emanuel Lasker Arena"]
[Date "2020.08.07"]
[Round "6"]
[White "Lamborghini"]
[Black "Batabat1955"]
[Result "1-0"]
[WhiteElo "2342"]
[BlackElo "1960"]
[Annotator "NA"]
[PlyCount "51"]
[EventDate "2020.08.07"]
[EventType "swiss (blitz)"]
[TimeControl "60"]

1. e4 e6 2. d4 d5 3. Nc3 dxe4 4. Nxe4 Be7 5. Nf3 Nd7 6. Bd3 Ngf6 7. Qe2 Nxe4 8. Qxe4 Nf6 9. Qe2 O-O 10. Bg5 g6 11. h4 c5 12. dxc5 Qa5+ 13. c3 Qxc5 14. Ne5 Nd5 15. Bxe7 Nxe7 16. h5 Nf5 17. Bxf5 exf5 18. O-O-O Re8 19. hxg6 Qxe5 20. gxh7+ Kh8 21. Qxe5+ Rxe5 22. Rd8+ Kg7 23. h8=Q+ Kg6 24. Qxe5 Be6 25. Rd6 Re8 26. g4 {[%emt 0:00:01] Batabat1955 resigns (Lag: Av=0.49s, max=0.9s)} 1-0